 Dungeon Crawl Stone Soup version 0.26-a0-739-gf55cbd344a (webtiles) character file.

Game seed: 8887655424584541302

1143 stormannnn the Charlatan (level 8, -6/73 HPs)
             Began as a Deep Dwarf Artificer on Nov 5, 2020.
             Was a Priest of Zin.
             Mangled by a two-headed ogre
             ... wielding a +0 dire flail
              (18 damage)
             ... on level 6 of the Dungeon.
             The game lasted 00:38:12 (5502 turns).

stormannnn the Charlatan (Deep Dwarf Artificer)     Turns: 5502, Time: 00:38:13

Health: -6/73      AC: 10    Str: 18    XL:     8   Next: 15%
Magic:  19/19 (10) EV: 12    Int: 18    God:    Zin [***...]
Gold:   352        SH:  0    Dex: 13    Spells: 7/7 levels left

rFire    . . .     SeeInvis .   z - +5 great sword
rCold    . . .     Faith    .   (shield currently unavailable)
rNeg     . . .     Spirit   .   m - +0 scale mail
rPois    .         Reflect  .   v - +0 helmet
rElec    .         Harm     .   (no cloak)
rCorr    .         Rampage  .   w - +0 pair of gloves
MR       +....                  y - +0 pair of boots
Stlth    ++........             p - amulet of the acrobat
HPRegen  0.00/turn              E - +6 ring of intelligence
MPRegen  0.16/turn              I - ring of magical power

@: non-regenerating
A: damage resistance, heal wounds, sense surroundings 1, sturdy frame 1, no
regeneration
a: Heal Wounds, Recite, Vitalisation, Imprison, Donate Gold, Renounce Religion


You were on level 6 of the Dungeon.
You worshipped Zin.
Zin was most pleased with you.
You visited 1 branch of the dungeon, and saw 6 of its levels.

You collected 391 gold pieces.
You donated 39 gold pieces to Zin.

Inventory:

Hand Weapons
 a - a +0 club
 t - a +0 rapier
 z - a +5 great sword (weapon)
 H - a +3 scimitar
Missiles
 q - a throwing net (quivered)
Armour
 m - a +0 scale mail (worn)
 v - a +0 helmet (worn)
 w - a +0 pair of gloves (worn)
 y - a +0 pair of boots (worn)
 F - a +0 kite shield
Jewellery
 c - an uncursed amulet of faith {unknown}
 p - an amulet of the acrobat (around neck)
 E - a +6 ring of intelligence (left hand)
 I - a ring of magical power (right hand)
Wands
 d - a wand of enslavement (4)
 e - a wand of random effects (15)
Scrolls
 g - a scroll of enchant weapon {unknown}
 i - a scroll of noise {unknown}
 l - a scroll of random uselessness {unknown}
 o - a scroll of magic mapping {unknown}
 s - 4 scrolls of teleportation {unknown}
 C - 3 scrolls of remove curse
 D - a scroll of fog {unknown}
 G - a scroll of immolation {unknown}
Potions
 b - 2 potions of mutation
 f - a potion of degeneration {unknown}
 h - a potion of lignification {unknown}
 j - 5 potions of flight {unknown}
 k - 2 potions of attraction
 n - a potion of berserk rage {unknown}
 u - 2 potions of curing {unknown}
 x - a potion of brilliance {unknown}
 B - a potion of might {unknown}


   Skills:
 * Level 4.4 Fighting
 * Level 0.0 Long Blades
 + Level 4.4 Armour
 + Level 4.1 Dodging
 - Level 4.1 Stealth
 - Level 1.5 Shields
 + Level 5.1 Invocations
 - Level 6.0 Evocations


You had 7 spell levels left.
You didn't know any spells.
Your spell library was empty.

Dungeon Overview and Level Annotations

Branches:
Dungeon (6/15)             Temple (0/1) D:5

Altars:
Sif Muna
Uskayaw
Vehumet
Wu Jian
Zin

Shops:
D:4 =

Annotations:
D:3 3 runed translucent doors, mhtbhm's ghost, amateur MiBe
D:5 3 runed translucent doors, lordvenom1's ghost, novice BaIE


Innate Abilities, Weirdness & Mutations

You are resistant to damage.
You can heal yourself by infusing magical energy.
You passively map a small area around you.
You do not regenerate.
Your movements are slightly less encumbered by armour. (ER -2)


Message History

Zin forgives your inadvertent chaotic act, just this once.
The two-headed ogre hits you with a +0 dire flail!
* * * LOW HITPOINT WARNING * * *
The two-headed ogre closely misses you.
You slash the two-headed ogre!
The two-headed ogre is almost dead.
The two-headed ogre hits you with a +0 dire flail!
* * * LOW HITPOINT WARNING * * *
The two-headed ogre hits you but does no damage.
The two-headed ogre hits you with a +0 dire flail.
* * * LOW HITPOINT WARNING * * *
The two-headed ogre barely misses you.
You feel much better.
You barely miss the two-headed ogre.
The two-headed ogre is almost dead.
The two-headed ogre hits you with a +0 dire flail!
The two-headed ogre hits you with a +0 giant spiked club!
* * * LOW HITPOINT WARNING * * *
The two-headed ogre hits you with a +0 dire flail!!
You die...

##### #.. #.#
#...###.# #.#
######........ #.#
#............# #.#
#.#####.####.# #.#
#.# #........ #.#
#.# #..####.# #O#
#.####..####.#
#@###.#...........
#.....#...........
#####.#........#.#
#.........##.#
#.........##.#
#.........##.#
#.............
#............# *
#..###....##.#


You could see a two-headed ogre.

Vanquished Creatures
  A centaur (D:5)
  An ice beast (D:5)
  2 ogres
  A scorpion (D:5)
  3 wights (D:6)
  A howler monkey (D:6)
  A bullfrog zombie (D:5)
  A jelly (D:6)
  2 orc wizards
  Terence (D:2)
  An iguana (D:4)
  4 worker ants
  A hound skeleton (D:5)
  8 adders
  4 white imps
  An ooze (D:3)
  2 adder skeletons (D:4)
  A worm (D:3)
  4 dart slugs
  7 leopard geckos
  6 orcs
  5 giant cockroaches
  7 goblins
  8 hobgoblins
  14 jackals
  3 kobolds
  A quokka (D:2)
  A ball python (D:4)
  3 bats
  6 frilled lizards
  A jackal zombie (D:6)
  A leopard gecko zombie (D:6)
  9 rats
112 creatures vanquished.

Vanquished Creatures (collateral kills)
  An orc wizard (D:5)
  A worker ant (D:5)
  An orc (D:5)
3 creatures vanquished.

Vanquished Creatures (others)
  A bullfrog (D:6)
  A wight (D:6)
  2 orcs (D:5)
  A jackal (D:1)
  A frilled lizard (D:2)
  3 fungi (D:3)
  A plant (D:3)
10 creatures vanquished.

Grand Total: 125 creatures vanquished

Notes
Turn   | Place    | Note
-------+----------+-------------------------------------------
     0 | D:1      | stormannnn the Deep Dwarf Artificer began the quest for the
                  | Orb.
     0 | D:1      | Reached XP level 1. HP: 16/16 MP: 1/1
    53 | D:1      | Reached skill level 1 in Fighting
   277 | D:1      | Reached XP level 2. HP: 20/25 MP: 2/2
   544 | D:1      | Reached XP level 3. HP: 7/31 MP: 3/3
  1866 | D:2      | Reached XP level 4. HP: 22/39 MP: 4/4
  1877 | D:2      | Noticed Terence
  2495 | D:2      | Killed Terence
  2726 | D:3      | Found a runed translucent gate.
  2727 | D:3      | Noticed mhtbhm's ghost (amateur MiBe)
  2730 | D:3      | Found a runed translucent gate.
  2731 | D:3      | Noticed a big kobold
  2733 | D:3      | Noticed a big kobold
  2735 | D:3      | Found a runed translucent gate.
  3205 | D:3      | Reached XP level 5. HP: 36/45 MP: 4/4
  3393 | D:3      | Reached skill level 5 in Evocations
  3563 | D:4      | Found a glowing silver altar of Zin.
  3568 | D:4      | Found a shimmering blue altar of Sif Muna.
  3568 | D:4      | Found a radiant altar of Vehumet.
  3569 | D:4      | Found an ornate altar of the Wu Jian Council.
  3579 | D:4      | Became a worshipper of Zin the Law-Giver
  3579 | D:4      | Reached * piety under Zin
  3818 | D:4      | Reached skill level 1 in Invocations
  3857 | D:4      | Reached ** piety under Zin
  3874 | D:4      | Found Nohuc's Jewellery Shoppe.
  3979 | D:4      | Reached XP level 6. HP: 43/55 MP: 6/6
  4179 | D:5      | Entered Level 5 of the Dungeon
  4180 | D:5      | Noticed an ice beast
  4181 | D:5      | Noticed lordvenom1's ghost (novice BaIE)
  4509 | D:5      | Found a runed translucent gate.
  4509 | D:5      | Found a runed translucent gate.
  4509 | D:5      | Found a runed translucent gate.
  4526 | D:5      | Found a hide-covered altar of Uskayaw.
  4606 | D:5      | Found a staircase to the Ecumenical Temple.
  4622 | D:5      | Killed a centaur
  4622 | D:5      | Reached XP level 7. HP: 15/62 MP: 8/8
  4785 | D:5      | Reached skill level 6 in Evocations
  4865 | D:5      | Reached *** piety under Zin
  5178 | D:6      | Reached skill level 1 in Shields
  5323 | D:6      | Reached XP level 8. HP: 28/72 MP: 10/10
  5374 | D:6      | Reached skill level 5 in Invocations
  5489 | D:6      | Noticed a two-headed ogre
  5499 | D:6      | Gained mutation: Your movements are slightly less
                  | encumbered by armour. (ER -2) [potion of mutation]
  5502 | D:6      | Mangled by a two-headed ogre

Illustrated notes

Levels and vault maps discovered:
D:1:      minmay_arrival_open_corners, layout_basic, minmay_rat_gold_closets
D:2:      layout_rooms, corner_web_ring, uniq_terence
D:3:      layout_basic, gammafunk_ghost_nasty_kobolds
D:4:      layout_rooms, chequers_temple_overflow_statue_of_worship,
          serial_shops, nicolae_shop_waterfront, minmay_misc_feat_tiny
D:5:      layout_rooms, eat_drink_and_be_merry_uskayaw,
          minmay_temple_entry_mini_moons, gammafunk_ghost_icy
D:6:      layout_loops_ring, makhleb_blood_cavern_becter, fedhas_altar_4

Skill      XL: |  1  2  3  4  5  6  7  8 |
---------------+-------------------------+-----
Fighting       | 1 2 3 4 |  4.4
Stealth        | 2 3 4 |  4.1
Dodging        | 2 3 4 |  4.1
Armour         | 3 4 |  4.4
Evocations     | 5 6 |  6.0
Invocations    | 1 3 4 5 |  5.1
Shields        | 1 |  1.5

Action                   |  1- 3 |  4- 6 |  7- 9 || total
-------------------------+-------+-------+-------++-------
Melee: Club              |   136 |   206 |       ||   342
       Rapier            |       |   148 |    76 ||   224
       Scimitar          |       |       |     6 ||     6
       Great sword       |       |       |     4 ||     4
Invok: Recite            |       |     6 |     2 ||     8
       Vitalisation      |       |     1 |     1 ||     2
 Abil: Heal Wounds       |       |    11 |     8 ||    19
Evoke: Wand              |    10 |    15 |    17 ||    42
  Use: Potion            |     2 |     1 |     1 ||     4
       Scroll            |       |     2 |     2 ||     4
 Stab: Sleeping          |     4 |     1 |       ||     5
Armor: Leather armour    |    34 |    26 |       ||    60
       Scale mail        |       |   133 |    33 ||   166
Dodge: Dodged            |   117 |   280 |    51 ||   448
Block: Kite shield       |       |       |     1 ||     1
       Rpst.: Scimitar   |       |       |     1 ||     1
       Great sword       |       |       |     1 ||     1

Table legend: (Time is in decaauts)
 A = Elapsed time spent in this place.
 B = Non-inter-level travel time spent in this place.
 C = Inter-level travel time spent in this place.
 D = Time resting spent in this place.
 E = Time spent auto-exploring this place.
 F = Levels seen in this place.
 G = Mean time per level.
                   A        B        C        D        E       F      G
               +--------+--------+--------+--------+--------+-----+--------+
         Total |   5655 |   5547 |    108 |   1503 |   1898 |   6 |  942.5 |
       Dungeon |   5655 |   5547 |    108 |   1503 |   1898 |   6 |  942.5 |
               +--------+--------+--------+--------+--------+-----+--------+

Top non-repeatable levels by time:
     D:1: 1708 daAuts
     D:2: 1059 daAuts
     D:4: 832 daAuts
     D:3: 823 daAuts
     D:5: 740 daAuts
     D:6: 490 daAuts
